Map: Abyssal Reef LE

Players

Drunkenboi - Winner!

  • Race: Terran Terran
  • Spawn Location: 11:00

puCK (Nina)

  • Race: Protoss Protoss
  • Spawn Location: 5:00

Event: WCS Montreal 2017

VOD

Have the link to the VOD?

Description

Time

  • Played on: Sept. 8, 2017, 2:26 p.m.
  • Length: 9:19

All games in this series

Show
View Real Time Build Order
Export as new Build Order

Drunkenboi Terran - Winner!

Build Orders: Reaper Expand, MMM Bio 

Get SALT Encoding   

  12  0:00  SCV  
  13  0:12  SCV  
  14  0:17  Supply Depot  
  14  0:24  SCV  
  15  0:38  SCV  
  15  0:40  Barracks  
  16  0:45  Refinery  
  16  0:50  SCV  
  17  1:03  SCV  
  18  1:15  SCV  
  19  1:28  Orbital Command  
  19  1:29  Reaper  
  20  1:43  Command Center  
  20  1:52  Engineering Bay  
  20  1:56  SCV  
  21  2:03  Supply Depot  
  21  2:08  Marine  
  22  2:15  Factory  
  22  2:19  SCV  
  23  2:27  Barracks Reactor  
  23  2:31  SCV  
  23  2:33  Bunker  
  24  2:41  Missile Turret  
  24  2:43  SCV  
  25  2:55  Orbital Command  
  25  2:57  SCV, Missile Turret  
  26  3:02  Widow Mine  
  28  3:07  Marine  
  28  3:08  Marine  
  28  3:11  SCV  
  30  3:20  Starport  
  30  3:22  SCV  
  30  3:24  SCV  
  32  3:29  Marine  
  32  3:30  Marine  
  32  3:32  Widow Mine  
  36  3:34  SCV  
  36  3:39  Barracks  
  37  3:42  SCV  
  37  3:47  Supply Depot, SCV  
  39  3:48  Marine  
  39  3:49  Marine  
  39  3:57  SCV  
  38  4:05  SCV  
  38  4:06  Cyclone, Marine  
  38  4:09  SCV  
  44  4:10  Marine  
  45  4:17  SCV, Refinery  
  46  4:25  SCV  
  46  4:26  Supply Depot  
  46  4:28  Marine x2  
  49  4:32  SCV  
  49  4:37  SCV  
  49  4:38  Barracks Tech Lab  
  50  4:39  Supply Depot  
  50  4:43  Refinery  
  50  4:44  Refinery  
  50  4:45  SCV  
  51  4:46  Marine  
  51  4:47  Marine  
  51  4:49  SCV  
  54  4:54  Supply Depot x2  
  54  5:00  Stimpack, Widow Mine, SCV  
  54  5:03  SCV  
  54  5:04  Marine  
  54  5:05  Liberator, Marine  
  62  5:07  Marauder  
  62  5:15  SCV x2  
  64  5:22  Barracks  
  64  5:28  Marine x2  
  69  5:29  SCV  
  69  5:30  SCV  
  71  5:37  Factory Tech Lab, Marauder  
  71  5:42  SCV x2  
  75  5:43  Supply Depot  
  75  5:48  Engineering Bay  
  75  5:53  Marine x2  
  75  5:54  SCV  
  78  6:00  Supply Depot  
  78  6:02  Supply Depot  
  78  6:05  SCV  
  78  6:11  Starport Reactor  
  78  6:12  Barracks Reactor  
  78  6:14  Barracks  
  80  6:18  Barracks  
  80  6:20  Siege Tank  
  80  6:22  Marine x3  
  84  6:34  Terran Infantry Weapons Level 1  
  84  6:37  Supply Depot  
  84  6:40  Supply Depot, Marine x2  
  84  6:44  Marauder  
  88  6:51  Marine x2  
  88  6:52  Siege Tank  
  93  6:54  Medivac x2  
  93  6:57  Supply Depot  
  93  7:00  Combat Shields  
  97  7:10  Barracks Tech Lab, Marine x2, Marauder  
  97  7:11  Marine x2, Barracks Reactor  
  103  7:15  Supply Depot  
  103  7:19  Ghost Academy  
  103  7:24  Medivac x2  
  103  7:27  Marine  
  103  7:29  Siege Tank  
  111  7:32  Marine x2  
  113  7:37  Marauder x2  
  113  7:41  Marine  
  118  7:45  Marine  
  118  7:51  Marine x2  
  118  7:52  Marine  
  120  7:59  Marauder  
  120  8:01  Siege Tank  
  120  8:03  Marine, Marauder  
  119  8:09  Liberator x2  
  117  8:16  Marine x4  
  117  8:18  Marine  
  118  8:20  Marauder  
  126  8:30  Marine  
  118  8:48  Marine x3  
  118  8:49  Marine x3, Marauder x2  
  131  8:56  Supply Depot  
Show
View Real Time Build Order
Export as new Build Order

puCK Protoss 

Build Orders: Oracle Opening 

Get SALT Encoding   

  12  0:00  Probe (Chrono Boost)  
  13  0:11  Probe (Chrono Boost)  
  14  0:19  Pylon  
  14  0:22  Probe (Chrono Boost)  
  15  0:37  Probe (Chrono Boost)  
  15  0:38  Gateway  
  15  0:41  Assimilator  
  16  0:48  Probe (Chrono Boost)  
  17  0:51  Assimilator  
  17  0:58  Probe (Chrono Boost)  
  18  1:09  Probe (Chrono Boost)  
  19  1:19  Probe (Chrono Boost)  
  19  1:25  Cybernetics Core  
  20  1:30  Probe (Chrono Boost), Pylon  
  21  1:41  Probe (Chrono Boost)  
  22  1:51  Probe (Chrono Boost)  
  23  2:01  Warp Gate, Adept (Chrono Boost)  
  25  2:02  Probe  
  25  2:03  Stargate  
  27  2:26  Probe  
  27  2:28  Adept (Chrono Boost)  
  28  2:34  Pylon  
  29  2:48  Oracle (Chrono Boost)  
  31  2:52  Probe  
  32  2:58  Gateway  
  32  2:59  Pylon  
  32  3:00  Gateway  
  32  3:16  Probe  
  32  3:19  Oracle (Chrono Boost)  
  36  3:29  Probe  
  38  3:41  Probe  
  38  4:00  Probe  
  39  4:06  Nexus  
  39  4:09  Pylon  
  39  4:12  Stalker x2  
  39  4:13  Stalker  
  39  4:15  Probe  
  46  4:27  Probe  
  47  4:37  Stalker x2  
  51  4:40  Stalker  
  51  4:41  Probe  
  51  4:53  Probe  
  51  4:55  Robotics Facility  
  52  5:06  Mothership Core  
  54  5:20  Probe  
  54  5:27  Probe  
  56  5:31  Probe  
  56  5:32  Twilight Council  
  56  5:33  Assimilator  
  56  5:35  Assimilator  
  57  5:39  Probe  
  57  5:41  Probe  
  57  5:42  Observer (Chrono Boost)  
  60  5:51  Probe  
  60  5:52  Probe, Pylon  
  62  5:59  Robotics Bay  
  62  6:00  Adept  
  62  6:02  Probe  
  62  6:03  Probe  
  66  6:11  Pylon  
  66  6:13  Probe  
  66  6:14  Pylon  
  66  6:15  Blink (Chrono Boost)  
  67  6:20  Probe  
  67  6:23  Warp Prism (Chrono Boost)  
  70  6:27  Probe  
  71  6:33  Stalker  
  73  6:40  Gravitic Drive, Pylon  
  73  6:56  Probe  
  73  6:58  Disruptor (Chrono Boost)  
  77  7:03  Pylon  
  77  7:16  Gateway  
  77  7:17  Stalker  
  77  7:18  Stalker x2  
  77  7:19  Gateway  
  83  7:24  Nexus  
  83  7:28  Pylon  
  83  7:35  Disruptor (Chrono Boost)  
  86  7:41  Pylon  
  86  7:42  Probe  
  86  7:43  Probe  
  88  8:02  Stalker  
  88  8:03  Stalker  
  92  8:06  Disruptor (Chrono Boost)  
  91  8:25  Zealot  
  91  8:26  Zealot x3  
  98  8:37  Disruptor (Chrono Boost)  
  96  8:47  Stalker  
  96  8:48  Stalker x3  
  91  9:05  Probe  
  75  9:12  Stalker x2  
  75  9:13  Stalker x2  
Tags
 
Add a new tag
Caveats
  • Supply blocks, unpowered buildings, or Contaminate may cause inaccurate times.
  • Supply counts are checked every 10 seconds.